 Dungeon Sprint DCSS version 0.28-a0-1510-gd0f6b136d3 (webtiles) character file.

Game seed: 12148018404274179997

34090 mhtbhm the Executioner (level 13, -10/134 HPs)
             Began as a Minotaur Fighter on Jan 15, 2022.
             Was a High Priest of Qazlal.
             Killed from afar by Aizul (15 damage)
             ... with a bolt of poison
             ... in the Dungeon (Sprint VII: "The Pits").
             The game lasted 00:09:21 (3658 turns).

mhtbhm the Executioner (Minotaur Fighter)           Turns: 3658, Time: 00:09:22

Health: -10/134    AC: 33    Str: 27    XL:     13   Next: 40%
Magic:  0/25       EV: 11    Int:  7    God:    Qazlal [*****.]
Gold:   34         SH: 20    Dex:  9    Spells: 12/12 levels left

rFire   . . .      SeeInvis +   a - +1 broad axe (freeze)
rCold   . . .      Faith    .   c - +0 buckler
rNeg    . . .      Spirit   .   b - +3 chain mail
rPois   .          Reflect  +   A - +3 crown of Dyrovepreva {rElec Int+2 SInv}
rElec   +          Harm     .   (no cloak)
rCorr   .          Rampage  .   q - +0 pair of gloves
Will    .....      NoTele   +   r - +0 pair of boots
Stlth   ..........              x - amulet of reflection
HPRegen 0.32/turn               n - +3 ring of protection
MPRegen 0.19/turn               o - +3 ring of protection

@: mighty, lethally poisoned (-10 -> -33), protected from physical damage,
studying Fire Magic, invisible, repel missiles
A: horns 2, retaliatory headbutt
a: Renounce Religion, Upheaval, Elemental Force, Disaster Area


You were in the Dungeon.
You worshipped Qazlal.
Qazlal was extremely pleased with you.
You visited 1 branch You collected 34 gold pieces.

Inventory:

Hand Weapons
 a - a +1 broad axe of freezing (weapon)
Missiles
 j - a curare-tipped dart (quivered)
Armour
 b - a +3 chain mail (worn)
 c - a +0 buckler (worn)
 q - a +0 pair of gloves (worn)
 r - a +0 pair of boots (worn)
 A - the +3 crown of Dyrovepreva (worn) {rElec Int+2 SInv}
   (You found it in the Dungeon)

   Int:       It affects your intelligence (+2).
   rElec:     It insulates you from electricity.
   SInv:      It lets you see invisible.
Jewellery
 m - a ring of willpower
 n - a +3 ring of protection (left hand)
 o - a +3 ring of protection (right hand)
 w - a ring of protection from fire
 x - an amulet of reflection (around neck)
 z - a ring of willpower
Scrolls
 l - 5 scrolls of amnesia
 s - 6 scrolls of enchant weapon
 t - 3 scrolls of blinking
 u - 4 scrolls of identify
 v - 2 scrolls of fear
Potions
 d - 6 potions of might
 e - 6 potions of curing
 f - a potion of heal wounds
 g - 2 potions of haste
 h - 3 potions of magic
 i - 6 potions of berserk rage
 k - a potion of invisibility
 p - 5 potions of brilliance
Miscellaneous
 y - a tin of tremorstones (2/2)
 B - a condenser vane


   Skills:
 + Level 17.8 Fighting
 + Level 21.3 Axes
 + Level 17.6 Armour
 + Level 8.9 Dodging
 + Level 1.7 Stealth
 + Level 17.2 Shields
 * Level 18.4 Invocations
 + Level 1.0 Evocations


You had 12 spell levels left.
You didn't know any spells.
Your spell library contained the following spells:

 Spells                   Type           Power      Damage    Failure   Level
 Tukima's Dance           Hex            0%         N/A       99%         3
 Passage of Golubria      Tloc           0%         N/A       100%        4
 Yara's Violent Unravell  Hex/Tmut       0%         3d3       100%        5
 Conjure Ball Lightning   Conj/Air       0%         3x3d6     100%        6
 Discord                  Hex            0%         N/A       100%        8
 Disjunction              Tloc           0%         N/A       100%        8


Dungeon Overview and Level Annotations

Branches:
Dungeon (1/1)

Altars:
Ashenzari
Cheibriados
Dithmenos
Elyvilon
Fedhas
Gozag
Hepliaklqana
Kikubaaqudgha
Makhleb
Nemelex Xobeh
Okawaru
Qazlal
Ru
Sif Muna
Trog
Uskayaw
Vehumet
Wu Jian
Xom
Yredelemnul
Zin
The Shining One
Beogh
Jiyva
Lugonu

Annotations:
D Aizul


Innate Abilities, Weirdness & Mutations

You have a pair of horns on your head.
You reflexively headbutt those who attack you in melee.


Message History

The orc knight is flash-frozen.
You hear a shout!
Aizul is no longer encased in ice.
The great orb of eyes is no longer encased in ice.
You block Aizul's attack. You block the orc knight's attack.
The orc warlord closely misses you. The great orb of eyes gazes at you.
You resist with significant effort.
The orc knight roars a battlecry!
The orc warlord goes into a battle-frenzy!
Aizul hits you but does no damage.
You hear a shout!
Unknown command.
Unknown command.
Unknown command.
Unknown command.
Unknown command.
Unknown command.
Unknown command.
Unknown command.
Unknown command.
Unknown command.
Unknown command.
You slice Aizul!! You freeze Aizul!
Aizul is severely wounded.
You slice the great orb of eyes!! You freeze the great orb of eyes!
You kill the great orb of eyes!
Qazlal accepts your kill.
You slash the orc warlord! You freeze the orc warlord.
You catch the helpless orc knight completely off-guard!
You slice the orc knight!! You freeze the orc knight.
You kill the orc knight!
Qazlal accepts your kill.
The orc warlord hits you with a +0 battleaxe!!
* * * LOW HITPOINT WARNING * * *
You feel more protected from physical attacks.
Aizul casts a spell at you. The bolt of poison hits you!
You are lethally poisoned!
You die...

.# .# .+ #+ .+ #. '# #'
'###############################'
.........§≈§≈..☼..☼≈≈≈§..........
...)......§§§).§..≈≈≈§≈.......)..
.##############S@##############..
.# #..)o.o# #.. .# #.○○≈..# #..
.# #§..)≈.# #.. .# ###))### #..
.# ≈)≈) #.. .# [)≈≈ #.. .# #.≈[.
#.. .#


You could see Aizul, an orc warlord (strong) and an orc knight (strong, frozen).

Vanquished Creatures
  A pandemonium lord (D)
  Polyphemus (D)
  A nagaraja (D)
  An orc warlord (D)
  A deep elf demonologist (D)
  A mummy priest (D)
  A fire dragon (D)
  A great orb of eyes (D)
  Erolcha (D)
  An ice dragon (D)
  A catoblepas (D)
  2 naga warriors (D)
  An alligator snapping turtle (D)
  A hydra (D)
  A death knight (D)
  A dancing weapon (D)
  A vampire mage (D)
  A deep elf knight (D)
  Nergalle (D)
  2 sun demons (D)
  A sixfirhy (D)
  2 skeletal warriors (D)
  A shadow wraith (D)
  2 sea snakes (D)
  A deep troll (D)
  A wizard (D)
  A lindwurm (D)
  Pikel (D)
  9 orc knights (D)
  A cyclops (D)
  2 elephants (D)
  An eye of devastation (D)
  A naga mage (D)
  A molten gargoyle (D)
  An orange demon (D)
  A cane toad (D)
  A gargoyle (D)
  2 kobold demonologists (D)
  An unseen horror (D)
  A yaktaur (D)
  2 rime drakes (D)
  An efreet (D)
  A demonic crawler (D)
  A guardian mummy (D)
  A tyrant leech (D)
  A troll (D)
  A wind drake (D)
  A merfolk (D)
  A snapping turtle (D)
  A ynoxinul (D)
  A vampire (D)
  A jumping spider (D)
  2 spriggans (D)
  A basilisk (D)
  A wyvern (D)
  3 yaks (D)
  A fire elemental (D)
  A wraith (D)
  Eustachio (D)
  A redback (D)
  A naga (D)
  An acid dragon (D)
  A water moccasin (D)
  An ice beast (D)
  2 small abominations (D)
  An orc warrior (D)
  3 black bears (D)
  A necrophage (D)
  An ogre (D)
  A phantom (D)
  A kobold brigand (D)
  4 lemures (D)
  A scorpion (D)
  An earth elemental (D)
  4 killer bees (D)
  A quasit (D)
  A crimson imp (D)
  A hound (D)
  2 orc wizards (D)
  An adder (D)
  A river rat (D)
  A white imp (D)
  An ufetubus (D)
  An adder zombie (D)
  5 orcs (D)
  An endoplasm (D)
  A giant cockroach (D)
  A hobgoblin (D)
  3 jackals (D)
  2 quokkas (D)
  A bat simulacrum (D)
  3 frilled lizards (D)
  A kobold (D)
  A quokka zombie (D)
  2 rats (D)
133 creatures vanquished.

Vanquished Creatures (collateral kills)
  2 skeletal warriors (D)
2 creatures vanquished.

Grand Total: 135 creatures vanquished

Notes
Turn   | Place    | Note
-------+----------+-------------------------------------------
     0 | D        | mhtbhm the Minotaur Fighter began the quest for the Orb.
     0 | D        | Reached XP level 1. HP: 19/19 MP: 0/0
    52 | D        | Found a bloodstained altar of Trog.
    52 | D        | Found a shimmering blue altar of Sif Muna.
    52 | D        | Found a viscous altar of Jiyva.
    52 | D        | Found a hazy altar of Hepliaklqana.
    52 | D        | Found an opulent altar of Gozag.
    53 | D        | Found a glowing golden altar of the Shining One.
    53 | D        | Found a glowing silver altar of Zin.
    53 | D        | Found a basalt altar of Yredelemnul.
    53 | D        | Found a shimmering altar of Xom.
    53 | D        | Found an ornate altar of the Wu Jian Council.
    53 | D        | Found a sacrificial altar of Ru.
    53 | D        | Found a stormy altar of Qazlal.
    53 | D        | Found an iron altar of Okawaru.
    53 | D        | Found a sparkling altar of Nemelex Xobeh.
    53 | D        | Found a burning altar of Makhleb.
    53 | D        | Found a blossoming altar of Fedhas.
    53 | D        | Found a white marble altar of Elyvilon.
    53 | D        | Found a shadowy altar of Dithmenos.
    53 | D        | Found a snail-covered altar of Cheibriados.
    56 | D        | Found a corrupted altar of Lugonu.
    56 | D        | Found a radiant altar of Vehumet.
    57 | D        | Found an ancient bone altar of Kikubaaqudgha.
    57 | D        | Found a hide-covered altar of Uskayaw.
    57 | D        | Found a broken altar of Ashenzari.
    60 | D        | Became a worshipper of Qazlal Stormbringer
   108 | D        | Reached skill level 3 in Axes
   108 | D        | Reached XP level 2. HP: 9/28 MP: 1/1
   321 | D        | Reached * piety under Qazlal
   332 | D        | Noticed a phantom
   333 | D        | Reached ** piety under Qazlal
   360 | D        | Killed a phantom
   360 | D        | Reached *** piety under Qazlal
   361 | D        | Reached skill level 5 in Axes
   361 | D        | Reached skill level 1 in Dodging
   361 | D        | Reached skill level 5 in Shields
   361 | D        | Reached XP level 3. HP: 3/37 MP: 2/2
   361 | D        | Reached XP level 4. HP: 3/44 MP: 3/3
   684 | D        | Noticed an orc warrior
   692 | D        | Reached skill level 6 in Axes
   698 | D        | Killed an orc warrior
   699 | D        | Reached skill level 7 in Axes
   699 | D        | Reached XP level 5. HP: 43/52 MP: 4/4
   705 | D        | Reached **** piety under Qazlal
   716 | D        | Reached skill level 8 in Axes
   716 | D        | Reached skill level 1 in Invocations
   728 | D        | Noticed a necrophage
   738 | D        | Killed a necrophage
   739 | D        | Reached skill level 9 in Axes
   739 | D        | Reached XP level 6. HP: 54/61 MP: 5/7
   793 | D        | Noticed an ice beast
   796 | D        | Killed an ice beast
   796 | D        | Reached ***** piety under Qazlal
   797 | D        | Reached skill level 10 in Axes
   799 | D        | Noticed an orange demon
   810 | D        | Killed an orange demon
   811 | D        | Reached skill level 11 in Axes
   811 | D        | Reached skill level 10 in Armour
   811 | D        | Reached skill level 5 in Invocations
   811 | D        | Reached XP level 7. HP: 42/70 MP: 8/10
   977 | D        | Noticed a basilisk
   977 | D        | Noticed a sea snake
   991 | D        | Killed a sea snake
   992 | D        | Reached skill level 12 in Axes
   992 | D        | Reached XP level 8. HP: 54/79 MP: 11/11
  1008 | D        | Reached skill level 10 in Fighting
  1137 | D        | Noticed a molten gargoyle
  1152 | D        | Killed a molten gargoyle
  1153 | D        | Reached skill level 13 in Axes
  1153 | D        | Reached skill level 5 in Dodging
  1153 | D        | Reached ****** piety under Qazlal
  1154 | D        | Reached XP level 9. HP: 40/86 MP: 13/13
  1354 | D        | Noticed a catoblepas
  1360 | D        | Killed a catoblepas
  1361 | D        | Reached skill level 14 in Axes
  1400 | D        | Noticed Erolcha
  1406 | D        | Killed Erolcha
  1407 | D        | Reached skill level 15 in Axes
  1407 | D        | Reached skill level 10 in Shields
  1426 | D        | Noticed a sun demon
  1427 | D        | Noticed a skeletal warrior
  1427 | D        | Noticed a skeletal warrior
  1428 | D        | Noticed a skeletal warrior
  1428 | D        | Noticed a skeletal warrior
  1436 | D        | Killed a sun demon
  1437 | D        | Reached XP level 10. HP: 41/97 MP: 14/16
  1445 | D        | Killed a skeletal warrior
  1446 | D        | Reached skill level 16 in Axes
  1447 | D        | Killed a skeletal warrior
  1448 | D        | Reached skill level 10 in Invocations
  1448 | D        | HP: 4/97 [skeletal warrior[a skeletal warrior] (20)]
  1467 | D        | Killed a skeletal warrior
  1468 | D        | Reached skill level 17 in Axes
  1468 | D        | Killed a skeletal warrior
  1918 | D        | Reached skill level 18 in Axes
  1931 | D        | Noticed a sea snake
  1940 | D        | Killed a sea snake
  1941 | D        | Reached XP level 11. HP: 107/107 MP: 18/18
  1987 | D        | Noticed a sixfirhy
  1991 | D        | Killed a sixfirhy
  1999 | D        | Reached skill level 15 in Armour
  2006 | D        | Reached skill level 19 in Axes
  2046 | D        | Noticed a four-headed hydra
  2104 | D        | Noticed a wizard
  2110 | D        | Killed a wizard
  2113 | D        | Killed an 11-headed hydra
  2142 | D        | Noticed Pikel
  2147 | D        | Noticed a deep troll
  2155 | D        | Killed Pikel
  2161 | D        | Killed a deep troll
  2162 | D        | Killed a shadow wraith
  2163 | D        | Reached skill level 15 in Fighting
  2163 | D        | Reached skill level 20 in Axes
  2706 | D        | Noticed a naga warrior
  2706 | D        | Noticed a deep elf demonologist
  2706 | D        | Noticed a nagaraja
  2706 | D        | Noticed an ice dragon
  2706 | D        | Noticed a naga warrior
  2707 | D        | Killed a deep elf demonologist
  2708 | D        | Reached XP level 12. HP: 122/122 MP: 11/20
  2708 | D        | Killed an ice dragon
  2708 | D        | Killed a nagaraja
  2714 | D        | Killed a naga warrior
  2722 | D        | Killed a naga warrior
  2879 | D        | Noticed a fire dragon
  2879 | D        | Noticed a death knight
  2879 | D        | Noticed Polyphemus
  2879 | D        | Noticed an alligator snapping turtle
  2897 | D        | Killed a fire dragon
  2898 | D        | Reached skill level 15 in Shields
  2902 | D        | Noticed Eustachio
  2903 | D        | Killed a death knight
  2903 | D        | Noticed a mummy priest
  2903 | D        | Noticed a vampire mage
  2904 | D        | Killed a mummy priest
  2905 | D        | Reached skill level 21 in Axes
  2906 | D        | Identified the +0 leather armour of Gluttony {Harm *Corrode
                  | Int+4}
  2906 | D        | Noticed Nergalle
  2909 | D        | Killed Nergalle
  2909 | D        | Killed Eustachio
  2910 | D        | Killed an alligator snapping turtle
  2910 | D        | Killed a vampire mage
  2911 | D        | Reached skill level 15 in Invocations
  2912 | D        | Killed Polyphemus
  2913 | D        | Reached skill level 1 in Evocations
  2915 | D        | Reached XP level 13. HP: 48/133 MP: 7/23
  2964 | D        | Identified the +7 whip of Spite {vorpal, Str+3 Int+4 Dex-3}
  3229 | D        | Found the +3 crown of Dyrovepreva {rElec Int+2 SInv}
  3335 | D        | Noticed Irchet the pandemonium lord
  3366 | D        | Killed Irchet the pandemonium lord
  3367 | D        | Reached skill level 1 in Stealth
  3646 | D        | Noticed Aizul
  3647 | D        | Noticed an orc warlord
  3648 | D        | Noticed an orc warlord
  3648 | D        | Paralysed by a great orb of eyes for 5 turns
  3655 | D        | Killed an orc warlord
  3658 | D        | HP: 5/134 [orc warlord (31)]
  3658 | D        | Killed from afar by Aizul

Illustrated notes

Levels and vault maps discovered:
D:        pitsprint [storerooms_1, entrance_room_1, metal_vault_1, armoury_1,
          mini_pit_1, grid_room_1, main_hall_1, silver_pit, the_coven_3,
          the_vestibule_1, steel_vault_4, golden_pit, hallway_of_sentries,
          crystal_vault_2, iron_vault_1, final_vault]

Skill      XL: |  1  2  3  4  5  6  7  8  9 10 11 12 13 |
---------------+----------------------------------------+-----
Fighting       | 4 6 7 9 10 11 13 15 17 | 17.8
Armour         | 4 6 8 9 10 11 12 13 14 16 17 | 17.6
Shields        | 4 5 6 7 8 9 10 11 14 16 17 | 17.2
Axes           | 3 5 7 9 11 12 13 15 18 20 21 | 21.3
Dodging        | 1 2 3 4 5 6 7 8 |  8.9
Invocations    | 2 5 6 7 9 10 13 15 18 | 18.4
Evocations     | 1 |  1.0
Stealth        | 1 |  1.7

Action                   |  1- 3 |  4- 6 |  7- 9 | 10-12 | 13-15 || total
-------------------------+-------+-------+-------+-------+-------++-------
Melee: Hand axe          |    40 |    51 |    35 |       |       ||   126
       War axe           |     2 |       |       |       |       ||     2
       Headbutt          |     4 |     8 |    16 |    34 |     4 ||    66
       Broad axe         |       |       |    44 |   150 |    32 ||   226
Invok: Upheaval          |       |       |       |     2 |       ||     2
       Elemental Force   |       |       |       |     1 |     1 ||     2
       Disaster Area     |       |       |       |     5 |     6 ||    11
Evoke: Tin of tremorston |       |       |       |     2 |       ||     2
  Use: Potion            |     1 |     1 |     1 |     6 |     7 ||    16
       Scroll            |       |       |       |     2 |       ||     2
 Stab: Distracted        |       |       |       |       |     1 ||     1
       Invisible         |       |       |       |       |     1 ||     1
Armor: Scale mail        |    17 |       |       |       |       ||    17
       Chain mail        |       |    26 |    22 |    86 |    21 ||   155
Dodge: Dodged            |    11 |     9 |    20 |    38 |     8 ||    86
       Repelled          |       |       |     2 |     1 |     3 ||     6
Block: Buckler           |    11 |    18 |    28 |   136 |    22 ||   215

Table legend: (Time is in decaauts)
 A = Elapsed time spent in this place.
 B = Non-inter-level travel time spent in this place.
 C = Inter-level travel time spent in this place.
 D = Time resting spent in this place.
 E = Time spent auto-exploring this place.
 F = Levels seen in this place.
 G = Mean time per level.
                   A        B        C        D        E       F      G
               +--------+--------+--------+--------+--------+-----+--------+
         Total |   3613 |   3613 |      0 |   1989 |    268 |   1 | 3613.0 |
       Dungeon |   3613 |   3613 |      0 |   1989 |    268 |   1 | 3613.0 |
               +--------+--------+--------+--------+--------+-----+--------+

Top non-repeatable levels by time:
       D: 3613 daAuts
